 Dungeon Crawl Stone Soup version 0.19.4-8-ga85b6b9 (webtiles) character file.

528 loralnil the Chopper (level 7, -19/60 HPs)
             Began as a Minotaur Fighter on Feb 6, 2017.
             Was an Initiate of Okawaru.
             Shot with a bolt by an orc warrior (23 damage)
             ... in a bailey.
             The game lasted 00:08:37 (4069 turns).

loralnil the Chopper (Minotaur Fighter)             Turns: 4069, Time: 00:08:38

Health: -19/60     AC: 12    Str: 22    XL:     7   Next: 3%
Magic:  24/24      EV:  6    Int:  5    God:    Okawaru [......]
Gold:   58         SH: 10    Dex: 10    Spells: 0 memorised, 6 levels left

rFire  . . .     SeeInvis .     j - +2 hand axe (chop)
rCold  . . .     Gourm    .     y - +0 chain mail
rNeg   . . .     Faith    .     c - +0 shield
rPois  .         Spirit   .     (helmet restricted)
rElec  .         Reflect  .     C - +0 cloak
rCorr  .         Harm     .     a - +0 pair of gloves
MR     .....                    (no boots)
Stlth  ..........               (no amulet)
                                A - ring of magical power
                                m - ring of magical power

@: no status effects
A: retaliatory headbutt, horns 2
a: Renounce Religion


You were in a bailey.
You worshipped Okawaru.
Okawaru was noncommittal.
You were not hungry.

You visited 1 branch of the dungeon, and saw 6 of its levels.
You also visited: Sewer and Bailey.

You collected 256 gold pieces.
You spent 198 gold pieces at shops.

Inventory:

Hand Weapons
 j - a +2 hand axe of chopping (weapon)
Armour
 a - a +0 pair of gloves (worn)
 c - a +0 shield (worn)
 y - a +0 chain mail (worn)
 C - a +0 cloak (worn)
Jewellery
 m - a ring of magical power (left hand)
 A - a ring of magical power (right hand)
Scrolls
 h - a scroll of fog {unknown}
 k - a scroll of fear {unknown}
 n - a scroll of amnesia {unknown}
 o - 2 scrolls of remove curse
 r - 4 scrolls of recharging
 s - a scroll of noise {unknown}
 t - a scroll of teleportation {unknown}
 B - a scroll of enchant armour {unknown}
 G - a scroll of magic mapping {unknown}
Potions
 b - a potion of cancellation
 d - a potion of might
 e - 7 potions of curing
 g - 2 potions of lignification
 i - a potion of heal wounds
 q - 2 potions of brilliance
 w - 2 potions of magic {unknown}
 x - a potion of haste {unknown}
 z - 2 potions of ambrosia
 D - a potion of mutation
 E - a potion of berserk rage
 F - a potion of agility {unknown}
Comestibles
 f - 3 bread rations
 l - 4 chunks of flesh
 p - 2 fruits
 u - 3 meat rations
 v - a beef jerky


   Skills:
 + Level 4.7 Fighting
 + Level 5.8 Axes
 + Level 5.6 Armour
 + Level 1.0 Dodging
 + Level 5.8 Shields


You had 6 spell levels left.
You didn't know any spells.

Dungeon Overview and Level Annotations

Branches:
Dungeon (5/15)
 Temple: D:4-7

Altars:
Ashenzari
Hepliaklqana
Okawaru
Yredelemnul
The Shining One

Shops:
D:4 !


Innate Abilities, Weirdness & Mutations

You reflexively headbutt those who attack you in melee.
You have a pair of horns on your head.


Message History

* * * LOW HITPOINT WARNING * * *
You see here a bolt.
The orc shoots a bolt.
You block the bolt.
You hear a splash.
The orc warrior shoots a bolt.
You block the bolt.
You hear a splash.
You see here 2 bolts.
You feel much better.
The orc shoots a bolt.
You block the bolt.
You hear a splash.
The orc shoots a bolt.
You block the bolt.
You hear a splash.
You see here a bolt.
The orc shoots a bolt.
You block the bolt.
You hear a splash.
The orc warrior shoots a bolt.
The bolt hits you!!
* * * LOW HITPOINT WARNING * * *
You hear a splash.
You see here 2 bolts.
The orc warrior shoots a bolt.
The bolt hits you!!
You die...

..≈≈≈≈≈(≈# ..≈≈≈≈o≈(##
..≈≈≈≈≈≈≈≈# ..≈o≈≈≈≈≈(##
..≈≈≈≈≈≈≈(≈## ..≈≈≈≈≈≈≈(≈≈####
###≈ ....≈≈#.#≈≈(≈≈≈≈≈###≈≈≈≈
....≈##.##≈(≈≈≈≈≈≈≈≈≈≈≈≈
#......≈..^..≈@)(≈≈≈≈≈≈≈≈≈≈
#......≈##.##≈≈≈(≈≈≈≈≈≈≈≈≈≈
#......≈≈#.#≈≈≈≈(≈≈≈≈≈≈≈≈≈≈≈≈≈≈
#......≈≈≈≈≈≈≈≈((≈≈)≈≈≈≈≈≈≈≈≈≈≈
#..............((..............
#.........)....................
#...........)..(..((...........
#.(............(.(.............
#.∩(.............).............


You could see an orc warrior and an orc.

Vanquished Creatures
  A sky beast (D:5)
  A howler monkey (D:4)
  A crimson imp (D:4)
  An orc wizard (D:3)
  A bullfrog skeleton (D:5)
  Ijyb (D:3)
  A worker ant (D:4)
  3 gnolls (D:2)
  4 adders
  2 river rats (Sewer)
  An adder skeleton (D:5)
  3 worms
  2 dart slugs
  5 leopard geckos
  20 orcs
  7 ball pythons
  4 bats
  6 giant cockroaches
  6 hobgoblins
  17 jackals
  7 kobolds
  A quokka (D:4)
  8 frilled lizards
  15 goblins
  25 rats
  A spectral orc (D:4)
144 creatures vanquished.

Notes
Turn   | Place    | Note
-------+----------+-------------------------------------------
     0 | D:1      | loralnil the Minotaur Fighter began the quest for the Orb.
     0 | D:1      | Reached XP level 1. HP: 19/19 MP: 0/0
   233 | D:1      | Reached XP level 2. HP: 25/27 MP: 1/1
   637 | D:1      | Reached XP level 3. HP: 33/33 MP: 2/2
  1025 | D:2      | Reached XP level 4. HP: 40/40 MP: 3/3
  1298 | D:3      | Reached skill level 5 in Shields
  1298 | D:3      | Reached XP level 5. HP: 42/46 MP: 4/4
  1323 | D:3      | Found a glowing drain.
  1352 | Sewer    | Entered a sewer
  1758 | D:3      | Found a shattered altar of Ashenzari.
  1966 | D:3      | Noticed Ijyb
  1977 | D:3      | Killed Ijyb
  1977 | D:3      | Reached skill level 5 in Armour
  2142 | D:3      | Found a hazy altar of Hepliaklqana.
  2371 | D:3      | Reached XP level 6. HP: 45/53 MP: 5/5
  2663 | D:4      | Reached skill level 5 in Axes
  2684 | D:4      | Found Dutei's Distillery.
  2711 | D:4      | Bought a potion of mutation for 30 gold pieces
  2711 | D:4      | Bought a potion of berserk rage for 60 gold pieces
  2711 | D:4      | Bought a potion of degeneration for 12 gold pieces
  2711 | D:4      | Bought a potion of ambrosia for 96 gold pieces
  2778 | D:4      | Found an iron altar of Okawaru.
  2788 | D:4      | Became a worshipper of Warmaster Okawaru
  2848 | D:4      | Found a basalt altar of Yredelemnul.
  2950 | D:5      | Entered Level 5 of the Dungeon
  3020 | D:5      | Noticed a sky beast
  3028 | D:5      | Killed a sky beast
  3175 | D:5      | Reached skill level 1 in Dodging
  3397 | D:5      | You fall through a shaft for 2 floors!
  3429 | D:7      | Found a glowing golden altar of the Shining One.
  3459 | D:7      | Reached XP level 7. HP: 60/60 MP: 6/6
  3468 | D:7      | Found a flagged portal.
  3475 | Bailey   | Entered a bailey
  4064 | Bailey   | HP: 1/60 [orc warrior/bolt (11)]
  4069 | Bailey   | Shot with a bolt by an orc warrior

Skill      XL: |  1  2  3  4  5  6 |
---------------+-------------------+-----
Shields        | 4 5 |  5.8
Armour         | 4 5 |  5.6
Axes           | 3 4 5 |  5.8
Fighting       | 4 |  4.7
Dodging        | 1 |  1.0

Action                   |  1- 3 |  4- 6 |  7- 9 || total
-------------------------+-------+-------+-------++-------
Melee: War axe           |    61 |   243 |       ||   304
       Headbutt          |     8 |    35 |     2 ||    45
       Hand axe          |       |    21 |     9 ||    30
  Use: Scroll            |       |     7 |       ||     7
       Potion            |       |       |     1 ||     1
  Eat: Chunk             |       |     9 |     2 ||    11
Armor: Scale mail        |    32 |    64 |       ||    96
       Chain mail        |       |    67 |     7 ||    74
Dodge: Dodged            |    23 |    72 |    10 ||   105
Block: Shield            |    37 |   163 |    31 ||   231
